 Dungeon Crawl Stone Soup version 0.18-b1-16-g289874d (webtiles) character file.

44 warlockg3 the Firebug (level 3, -8/26 HPs)
             Began as a Draconian Fire Elementalist on May 1, 2016.
             Killed by nerve-wracking pain
             ... invoked by Grinder
              (14 damage)
             ... on level 3 of the Dungeon.
             The game lasted 00:12:13 (1742 turns).

warlockg3 the Firebug (Draconian Fire Elementalist) Turns: 1742, Time: 00:12:14

Health: -8/26      AC:  5    Str: 10    XL:     3   Next: 41%
Magic:  1/6        EV: 12    Int: 16    God:
Gold:   121        SH:  0    Dex: 11    Spells: 2 memorised, 3 levels left

rFire  . . .     SeeInvis .     k - +1 dagger (holy)
rCold  . . .     Gourm    .     (armour unavailable)
rNeg   . . .     Faith    .     (no shield)
rPois  .         Spirit   .     (helmet restricted)
rElec  .         Dismiss  .     (no cloak)
rCorr  .         Reflect  .     (no gloves)
SustAt .         Harm     .     (no boots)
MR     .....                    (no amulet)
Stlth  ++........               (no ring)
                                (no ring)

@: not resistant to hostile enchantments, unstealthy
A: unfitting armour, cold-blooded, AC +5
a: no special abilities


You were on level 3 of the Dungeon.
You were not hungry.

You visited 1 branch of the dungeon, and saw 3 of its levels.

You collected 121 gold pieces.

Inventory:

Hand Weapons
 g - a -3 short sword
 k - a +1 dagger of holy wrath (weapon)
 o - a +1 whip of venom
 p - a +0 short sword of venom
 u - a cursed -2 dagger
Scrolls
 e - 2 scrolls of immolation
 h - a scroll of identify
 m - 2 scrolls of magic mapping {unknown}
 s - 2 scrolls of remove curse
Potions
 c - a potion of ambrosia {unknown}
 d - a potion of flight
 i - a potion of degeneration {unknown}
 l - a potion of brilliance {unknown}
 n - a potion of lignification {unknown}
 q - a potion of cancellation {unknown}
 r - a potion of might
 t - a potion of curing {unknown}
Books
 a - a book of Flames

   Spells                             Type                      Level
   a - Flame Tongue                   Conjuration/Fire             1
   b - Throw Flame                    Conjuration/Fire             2
   c - Conjure Flame                  Conjuration/Fire             3
   d - Inner Flame                    Hexes/Fire                   3
   e - Sticky Flame                   Conjuration/Fire             4
   f - Fireball                       Conjuration/Fire             5
Comestibles
 b - a bread ration
 f - 2 fruits
 j - a beef jerky


   Skills:
 + Level 0.2 Fighting
 + Level 0.2 Short Blades
 + Level 2.3 Dodging
 + Level 2.1 Stealth
 + Level 2.1 Spellcasting
 + Level 1.1 Conjurations
 + Level 3.7 Fire Magic


You had 3 spell levels left.
You knew the following spells:

 Your Spells              Type           Power        Failure   Level  Hunger
a - Flame Tongue          Conj/Fire      #....        10%         1    #......
b - Throw Flame           Conj/Fire      #.....       14%         2    ###....


Dungeon Overview and Level Annotations

Branches:
Dungeon (3/15)

Altars:
Elyvilon
Gozag
Pakellas
Yredelemnul

Annotations:
D:3 Grinder


Innate Abilities, Weirdness & Mutations

Your plain brown scales are hard (AC +5).
Your body does not fit into most forms of armour.
You are cold-blooded and may be slowed by cold attacks.


Message History

You hit Grinder but do no damage.
Grinder is heavily wounded.
Grinder closely misses you.
Casting: Throw Flame
Confirm with . or Enter, or press ? or * to list all spells.
You don't have enough magic to cast that spell.
Unknown command.
Casting: Throw Flame
Confirm with . or Enter, or press ? or * to list all spells.
Aiming: Flame Tongue
Press: ? - help, Shift-Dir - straight line, f/p - Grinder
Aim: Grinder (heavily wounded, unusually strong)
The flame tongue misses Grinder.
Grinder closely misses you. Grinder gestures at you.
Pain shoots through your body!
* * * LOW HITPOINT WARNING * * *
Grinder gestures at you. Pain shoots through your body!
Ouch! That really hurt!
You die...

############## #......<.)...#
#.##########@# ############ #.#
##.#####........... #.#
#........#########. #.#
#####..##############_. ##.##
#.....5................
####...####.###..#####........#..
............# #..# .######....
####...########..##### #.###
##.#######....†...# #.#


You could see Grinder.

Vanquished Creatures
  An adder (D:3)
  A worm (D:2)
  A dart slug (D:2)
  6 goblins
  5 hobgoblins
  4 bats
  A giant newt (D:3)
  6 kobolds
  4 rats
29 creatures vanquished.

Notes
Turn   | Place    | Note
--------------------------------------------------------------
     0 | D:1      | warlockg3 the Draconian Fire Elementalist began the quest for the Orb.
     0 | D:1      | Reached XP level 1. HP: 14/14 MP: 3/3
   793 | D:1      | Reached XP level 2. HP: 15/20 MP: 5/5
  1020 | D:2      | Found an oddly glowing altar of Pakellas.
  1043 | D:2      | Found a white marble altar of Elyvilon.
  1247 | D:2      | Found an opulent altar of Gozag.
  1350 | D:2      | Reached XP level 3. HP: 26/26 MP: 6/6
  1515 | D:3      | Found a basalt altar of Yredelemnul.
  1689 | D:3      | Noticed Grinder
  1710 | D:3      | Learned a level 2 spell: Throw Flame
  1742 | D:3      | Killed from afar by Grinder

Skill      XL: |  1  2 |
---------------+-------+-----
Dodging        | 2 |  2.3
Stealth        | 2 |  2.1
Fighting       | |  0.2
Short Blades   | |  0.2
Spellcasting   | |  2.1
Conjurations   | |  1.1
Fire Magic     | |  3.7

Action                   || total
-------------------------++-------
Melee: Short sword       ||    71
       Unarmed           ||    18
       Tailslap          ||    11
       Dagger            ||    39
 Cast: Flame Tongue      ||     8
       Throw Flame       ||     3
  Use: Scroll            ||     4
 Stab: Sleeping          ||     1
  Eat: Bread ration      ||     1
Armor: Skin              ||    43
Dodge: Dodged            ||    83
